 Dungeon Crawl Stone Soup version 0.28-a0-8-g6e044cfa68 (webtiles) character file.

Game seed: 14500454849346248323

32 skittles the Ruffian (level 3, -6/28 HPs)
             Began as a Draconian Transmuter on July 23, 2021.
             Was an Initiate of Sif Muna.
             Mangled by an orc (7 damage)
             ... on level 3 of the Dungeon.
             The game lasted 00:04:17 (1795 turns).

skittles the Ruffian (Draconian Transmuter)         Turns: 1795, Time: 00:04:17

Health: -6/28      AC:  5    Str: 12    XL:     3   Next: 8%
Magic:  5/6        EV: 12    Int: 14    God:    Sif Muna [......]
Gold:   30         SH:  0    Dex: 11    Spells: 0/6 levels left

rFire   . . .      SeeInvis .     - Unarmed
rCold   . . .      Faith    .   (no shield)
rNeg    . . .      Spirit   .   (armour unavailable)
rPois   .          Reflect  .   (helmet currently unavailable)
rElec   .          Harm     .   (no cloak)
rCorr   .          Rampage  .   (no gloves)
Will    .....                   (boots currently unavailable)
Stlth   +.........              (no amulet)
HPRegen 0.09/turn               (no ring)
MPRegen 0.10/turn               (no ring)

@: appendages
A: horns 2, talons 2, AC +5, unfitting armour, cold-blooded
a: End Transformation, Renounce Religion


You were on level 3 of the Dungeon.
You worshipped Sif Muna.
Sif Muna was noncommittal.
You had temporarily grown beastly horns and talons.
You visited 1 branch of the dungeon, and saw 3 of its levels.

You collected 30 gold pieces.

Inventory:

Hand Weapons
 c - a +1 dagger of draining
 n - a +1 vampiric whip
Missiles
 j - 14 poisoned darts (quivered)
Jewellery
 a - a ring of see invisible
 b - a ring of poison resistance
Scrolls
 d - 4 scrolls of immolation
Potions
 f - a potion of flight
 l - 2 potions of heal wounds
 m - 2 potions of curing


   Skills:
 - Level 1.1 Fighting
 - Level 1.7 Dodging
 - Level 3.7 Unarmed Combat
 - Level 2.0 Spellcasting
 * Level 2.9 Transmutations
 * Level 0.0 Poison Magic


You couldn't memorise any spells.
You knew the following spells:

 Your Spells              Type           Power      Damage    Failure   Level
a - Beastly Appendage     Tmut           18%        N/A       8%          1
b - Wereblood             Tmut           9%         N/A       11%         2
c - Spider Form           Tmut/Pois      2%         N/A       36%         3

Your spell library contained the following spells:

 Spells                   Type           Power      Damage    Failure   Level
 Passwall                 Tmut/Erth      4%         N/A       21%         2
 Swiftness                Air            1%         N/A       56%         3
 Ice Form                 Ice/Tmut       5%         N/A       78%         4
 Invisibility             Hex            0%         N/A       100%        6


Dungeon Overview and Level Annotations

Branches:
Dungeon (3/15)

Altars:
Sif Muna


Innate Abilities, Weirdness & Mutations

You have temporarily grown beastly horns and talons.
Your plain brown scales are hard. (AC +5)
You cannot fit into any form of body armour.
You are cold-blooded and may be slowed by cold attacks.


Message History

Magic scrolls do not work when you're silenced!
Unknown command.
Your surroundings suddenly seem different.
Magic scrolls do not work when you're silenced!
Your hearing returns.
As you read the scroll labelled VEPSYBR RATIRI, it crumbles to dust.
You hear a loud clanging noise!
It was a scroll of noise.
There is a stone staircase leading down here.
You climb downwards.
You hear the sound of rushing water.
There is an entrance to a sewer on this level.
Hurry and find it before the portal rusts away!
A ball python, a worm, 2 orcs and an orc priest come into view.
The orc shouts! x2
There is a stone staircase leading up here.
Casting: Beastly Appendage (safe; 8% risk of failure)
Confirm with . or Enter, or press ? or * to list all spells.
You grow a pair of large bovine horns.
Your feet morph into talons.
The ball python hisses angrily.
The orc hits you with a +0 trident.
You closely miss the orc. The orc hits you with a +0 trident.
You hit the orc.
The orc is moderately wounded.
You barely miss the orc. You punch the orc, but do no damage.
The orc is moderately wounded.
The orc priest hits you but does no damage.
The orc hits you with a +0 trident. The orc hits you with a +0 mace.
A rat comes into view.
You barely miss the orc. Your kick misses the orc.
The orc is moderately wounded.
The orc hits you with a +0 trident.
* * * LOW HITPOINT WARNING * * *
The orc priest hits you but does no damage.
The orc hits you with a +0 mace.
* * * LOW HITPOINT WARNING * * *
You hit the orc.
You kill the orc!
Sif Muna accepts your kill. The orc priest barely misses you.
The orc hits you with a +0 mace!
You die...

..... ... .....
.. #### ......
......
......##.#w.#
#..#..#.....#
............#
#......So...#
.......@)...#
........o......
...#.......####
# ...........
#.#.#.##..####
##.##. ..# #.
#. .r# . .. ...


You could see a worm, an orc priest, an orc, a ball python and a rat.

Vanquished Creatures
  A gnoll (D:2)
  An orc (D:3)
  6 ball pythons
  2 endoplasms
  3 goblins
  2 hobgoblins (D:1)
  2 kobolds
  3 bats
  A frilled lizard (D:2)
21 creatures vanquished.

Notes
Turn   | Place    | Note
-------+----------+-------------------------------------------
     0 | D:1      | skittles the Draconian Transmuter began the quest for the
                  | Orb.
     0 | D:1      | Reached XP level 1. HP: 16/16 MP: 3/3
   479 | D:1      | Reached XP level 2. HP: 23/23 MP: 3/5
   485 | D:1      | Learned a level 2 spell: Wereblood
   915 | D:2      | Found a shimmering blue altar of Sif Muna.
   930 | D:2      | Became a worshipper of Sif Muna the Loreminder
   946 | D:2      | Found a faded altar of an unknown god.
  1475 | D:2      | Reached XP level 3. HP: 20/28 MP: 4/6
  1638 | D:2      | Learned a level 3 spell: Spider Form
  1794 | D:3      | HP: 1/28 [orc (2)]
  1795 | D:3      | Mangled by an orc

Illustrated notes

Levels and vault maps discovered:
D:1:      grunt_arrival_lava_bath, layout_loops_ring, kennysheep_boxes
D:2:      layout_rooms, basic_altar, hellmonk_ecumenical_altar_blasted,
          kennysheep_nub, minmay_pentomino_u2
D:3:      layout_loops_ring, chequers_temple_overflow_minitemple,
          gammafunk_ghost_stat_death, cheibrodos_sewer_entry_drain

Action                   || total
-------------------------++-------
Melee: Unarmed           ||    51
       Headbutt          ||     6
       Kick              ||     6
       Tailslap          ||     3
       Punch             ||     2
 Cast: Beastly Appendage ||    21
  Use: Potion            ||     5
       Scroll            ||     6
Armor: Skin              ||    20
Dodge: Dodged            ||    38

Table legend: (Time is in decaauts)
 A = Elapsed time spent in this place.
 B = Non-inter-level travel time spent in this place.
 C = Inter-level travel time spent in this place.
 D = Time resting spent in this place.
 E = Time spent auto-exploring this place.
 F = Levels seen in this place.
 G = Mean time per level.
                   A        B        C        D        E       F      G
               +--------+--------+--------+--------+--------+-----+--------+
         Total |   1776 |   1740 |     36 |    230 |   1267 |   3 |  592.0 |
       Dungeon |   1776 |   1740 |     36 |    230 |   1267 |   3 |  592.0 |
               +--------+--------+--------+--------+--------+-----+--------+

Top non-repeatable levels by time:
     D:1: 907 daAuts
     D:2: 864 daAuts
     D:3: 5 daAuts
